Map: Oxide LE

Players

Rex - Winner!

  • Race: Zerg Zerg
  • League: Grandmaster

Yoger

  • Race: Zerg Zerg
  • League: Master

Event: DreamHack SC2 Masters 2021 Summer

VOD

Have the link to the VOD?

Description

Time

  • Played on: May 20, 2021, 9:49 a.m.
  • Length: 5:41

All games in this series

Show
View Real Time Build Order
Export as new Build Order

Rex Zerg - Winner!

Build Orders: Hatch First 

Get SALT Encoding   

  12  0:00  Drone  
  13  0:12  Overlord  
  13  0:18  Drone  
  14  0:30  Drone x2  
  16  0:47  Hatchery  
  15  0:50  Drone  
  15  0:55  Drone  
  17  0:57  Drone  
  18  1:04  Extractor  
  17  1:12  Spawning Pool  
  17  1:15  Drone  
  17  1:19  Drone  
  18  1:28  Drone  
  19  1:38  Drone  
  20  1:49  Drone  
  21  1:59  Queen x2  
  21  2:01  Drone, Overlord  
  26  2:05  Metabolic Boost  
  26  2:11  Drone x2  
  28  2:22  Drone  
  29  2:23  Drone  
  30  2:32  Drone  
  30  2:35  Hatchery  
  30  2:40  Queen  
  32  2:46  Overlord  
  32  2:52  Zergling x4  
  34  3:00  Zergling x4  
  36  3:08  Zergling x2  
  36  3:09  Zergling x12  
  43  3:15  Zergling x2  
  44  3:20  Baneling Nest  
  44  3:23  Overlord  
  44  3:24  Zergling x2  
  43  3:42  Zergling x12  
  43  3:44  Zergling x2  
  48  3:51  Zergling x8  
  48  3:54  Zergling x4  
  53  4:00  Zergling x2  
  53  4:04  Zergling x2  
  53  4:05  Zergling x2  
  53  4:08  Baneling  
  53  4:09  Baneling, Zergling x2  
  55  4:14  Zergling x2  
  55  4:15  Zergling x2  
  57  4:21  Zergling x2  
  57  4:22  Overlord  
  57  4:31  Overlord  
  57  4:34  Zergling x2  
  57  4:36  Baneling  
  57  4:37  Baneling  
  56  4:42  Zergling x2  
  52  4:46  Zergling x6  
  52  4:47  Zergling x2  
  52  4:48  Zergling x4  
  52  4:52  Zergling x8  
  54  4:53  Zergling x2  
  50  5:01  Zergling x2  
  50  5:03  Zergling x4  
  50  5:05  Zergling x6  
  55  5:12  Zergling x2  
  55  5:14  Zergling x2  
  55  5:16  Zergling x2  
  55  5:19  Baneling  
  55  5:20  Zergling x2  
  55  5:21  Zergling x2  
Show
View Real Time Build Order
Export as new Build Order

Yoger Zerg 

Build Orders: Hatch First 

Get SALT Encoding   

  12  0:00  Drone  
  13  0:11  Overlord  
  13  0:16  Drone  
  14  0:30  Drone  
  14  0:31  Drone  
  16  0:47  Hatchery  
  15  0:51  Drone  
  15  0:54  Drone  
  17  0:57  Drone  
  18  1:09  Extractor  
  17  1:13  Spawning Pool  
  17  1:16  Drone  
  17  1:19  Drone  
  18  1:27  Drone  
  19  1:40  Drone  
  20  1:50  Drone  
  21  2:00  Queen x2  
  25  2:01  Overlord  
  25  2:03  Drone  
  25  2:07  Evolution Chamber  
  25  2:11  Drone  
  25  2:12  Drone  
  27  2:21  Drone  
  27  2:22  Drone  
  29  2:32  Zerg Melee Weapons Level 1  
  29  2:33  Drone  
  29  2:35  Drone, Queen  
  33  2:43  Overlord  
  33  2:45  Drone  
  33  2:48  Metabolic Boost  
  34  2:53  Drone  
  34  2:55  Drone  
  34  2:58  Evolution Chamber  
  35  3:05  Drone x2  
  37  3:08  Drone x3  
  37  3:10  Overlord  
  40  3:13  Drone  
  41  3:21  Roach Warren  
  41  3:26  Overlord  
  40  3:29  Zergling x2  
  41  3:34  Evolution Chamber  
  41  3:37  Zergling x2  
  41  3:38  Zergling x4  
  43  3:42  Zergling x6  
  43  3:47  Spore Crawler  
  43  3:48  Zergling x4  
  43  3:49  Zergling x2  
  46  3:57  Evolution Chamber  
  46  3:58  Zergling x6  
  46  3:59  Zergling x2  
  47  4:08  Zergling x2  
  49  4:15  Zergling x6  
  52  4:20  Extractor  
  52  4:21  Hatchery, Extractor  
  52  4:22  Zergling x6  
  50  4:39  Zergling x2  
  50  4:40  Zergling x2  
  46  4:46  Zergling x4  
  46  4:47  Queen  
  46  4:49  Zergling x6  
  46  4:52  Zergling x2  
  45  4:55  Zergling x2  
  39  5:04  Zergling x2  
  39  5:10  Zergling x2  
  35  5:15  Zergling x2  
  35  5:19  Zergling x2  
Tags
 
Add a new tag
Caveats
  • Supply blocks, unpowered buildings, or Contaminate may cause inaccurate times.
  • Supply counts are checked every 10 seconds.